 Dungeon Crawl Stone Soup version 0.27-a0-1149-g4505690ab0 (webtiles) character file.

Game seed: 6844149103576883259

88 Sobieck the Slasher (level 4, 0/28 HPs)
             Began as a Vampire Fighter on May 13, 2021.
             Slain by a jelly (1 damage)
             ... on level 3 of the Dungeon.
             The game lasted 00:07:42 (3424 turns).

Sobieck the Slasher (Vampire Fighter)               Turns: 3424, Time: 00:07:43

Health: 0/28       AC:  7    Str: 10 (16) XL:     4   Next: 30%
Magic:  13/13      EV:  5    Int:  5 (10) God:
Gold:   164        SH:  7    Dex:  7 (13) Spells: 3/3 levels left

rFire    . . .     SeeInvis +   a - +0 long sword {long}
rCold    + + .     Faith    .   c - +0 kite shield
rNeg     + + +     Spirit   .   g - +0 scale mail
rPois    ∞         Reflect  .   (no helmet)
rElec    .         Harm     .   (no cloak)
rCorr    .         Rampage  .   o - +0 pair of gloves
Will     .....                  (no boots)
Stlth    ++........             (no amulet)
HPRegen  0.00/turn              h - ring of magical power
MPRegen  0.13/turn              (no ring)

@: bloodless
A: bloodless, fangs 3, see invisible, vampiric 2
a: Bat Form, Revivify


You were on level 3 of the Dungeon.
You visited 1 branch of the dungeon, and saw 5 of its levels.

You collected 164 gold pieces.


Innate Abilities, Weirdness & Mutations

You do not regenerate when monsters are visible.
You are frail without blood (-20% HP).
You can heal yourself when you bite living creatures.
You are immune to poison.
You have razor-sharp teeth.
You have supernaturally acute eyesight. (SInv)
You are afflicted with vampirism and can become a bat while bloodless.


   Skills:
 - Level 3.0 Fighting
 + Level 3.6 Long Blades
 - Level 3.0 Armour
 - Level 3.0 Shields


You had 3 spell levels left.
You didn't know any spells.
Your spell library contained the following spells:

 Spells                   Type           Power      Damage    Failure   Level
 Foxfire                  Conj/Fire      0%         2x1d4     100%        1
 Conjure Flame            Conj/Fire      0%         6-21      100%        3
 Inner Flame              Hex/Fire       0%         N/A       100%        3
 Sticky Flame             Conj/Fire      0%         2d3       100%        4
 Fireball                 Conj/Fire      0%         3d3       100%        5

Inventory:

Hand Weapons
 a - a +0 long sword (weapon) {long}
 b - a +0 hunting sling {sling}
   (You found it on level 1 of the Dungeon)
 e - a +3 short sword {short}
   (You took it off a kobold on level 1 of the Dungeon)
 k - a +1 whip of draining {mace}
   (You found it on level 4 of the Dungeon)
 l - a +0 quarterstaff of draining {staff}
   (You found it on level 1 of the Dungeon)
 p - a +0 hand crossbow {crossbow}
   (You found it on level 3 of the Dungeon)
 x - a +2 dagger of protection {short}
   (You took it off a kobold on level 3 of the Dungeon)
 z - a +1 dagger of protection {short}
   (You took it off a kobold on level 3 of the Dungeon)
Missiles
 f - 6 javelins (quivered) {throwing}
 j - 62 stones {throwing}
 n - 8 bolts
Armour
 c - a +0 kite shield (worn)
 g - a +0 scale mail (worn)
 o - a +0 pair of gloves (worn)
   (You found it on level 1 of the Dungeon)
Jewellery
 h - a ring of magical power (left hand)
   (You found it on level 3 of the Dungeon)
Wands
 i - a wand of iceblast (7)
   (You found it on level 3 of the Dungeon)
Scrolls
 m - a scroll of teleportation {@r4}
 y - a scroll of identify {unknown}
Potions
 d - 3 potions of might
 q - a potion of lignification {unknown}
 r - 4 potions of curing {unknown}
 s - a potion of attraction {unknown}
 t - a potion of berserk rage {unknown}
 u - a potion of flight {unknown}
 v - a potion of invisibility {unknown}
 w - 2 potions of heal wounds {unknown}

Dungeon Overview and Level Annotations

Branches:
Dungeon (5/15)
 Temple: D:4-7

Altars:

Annotations:
D:4 1 transporter

###########.....##....
(.JPJ.JP.##..#........
...P÷....##..#....####
.J.J...PJ###>#....#
.P....J..# #.#....#
....÷PJ..# #......#
.P.P÷P...# ###....#
#######'# #.####
##†...@J## #.#
#.######## #.#######
##..'....# #........
####....# #.######.
#.......# #.# #.
#.......######.######.
#.......##........).'.
#.......##.##########.
##.....###.# ##


You could see a jelly.


Message History

You take 2 damage, and now have 7/28 hp.
You hit the kobold.
You kill the kobold!
You hit the kobold.
You kill the kobold!
x - a +2 dagger of protection {short};
j - 62 stones {throwing} (gained 1)
Items here: ))))) ††.
You start resting. 😎 HP[+21]
Your hp is fully restored (28).
There is an open gate here.
You now have 162 gold pieces (gained 5).
You now have 164 gold pieces (gained 2).
y - a scroll labelled VOLAIHAACLO As you open the door, it creaks loudly!
You hear a shout!
There is an open door here.
A kobold comes into view.
It is wielding a +1 dagger of protection.
You hit the kobold but do no damage.
The kobold hits you with a +1 dagger of protection.
The kobold hits you but does no damage. 😕 HP[-2]
You take 2 damage, and now have 26/28 hp.
You hit the kobold.
You kill the kobold! 😕 HP[+1] No target in view!
z - a +1 dagger of protection {short} You see here a kobold corpse.
You open the door. 3 endoplasms come into view.
The endoplasm quivers. 7 endoplasms and 2 jellies come into view.
The endoplasm quivers.
The jelly quivers.
The endoplasm quivers.
There is an open door here.
The endoplasm quivers.
You hit the endoplasm but do no damage. You block the endoplasm's attack.
You hit the endoplasm. You block the endoplasm's attack.
The endoplasm hits something.
The endoplasm freezes you.
You are frozen.
You resist. 😕 HP[-1]
You take 1 damage, and now have 26/28 hp.
You barely miss the endoplasm.
The endoplasm jiggles.
The endoplasm freezes you.
You are frozen.
You resist.
You hit the endoplasm but do no damage. The endoplasm freezes you.
You are frozen.
You resist. The endoplasm hits you. 😕 HP[-4]
You take 4 damage, and now have 22/28 hp.
You hit the endoplasm. You bite the endoplasm. The endoplasm freezes you.
You are frozen.
You resist. 😮 HP[-1]
You take 1 damage, and now have 21/28 hp.
You slash the endoplasm!
You kill the endoplasm!
The endoplasm hits you but does no damage.
You slash the endoplasm!
You kill the endoplasm!
You barely miss the endoplasm. You bite the endoplasm.
The endoplasm freezes you.
You are frozen.
You resist. The endoplasm freezes you.
You are frozen.
You resist.
You hit the endoplasm.
You kill the endoplasm!
You feel your intelligence returning.
You completely miss the endoplasm. The endoplasm freezes you.
You are frozen.
You resist.
You slash the endoplasm!
You kill the endoplasm!
The jelly hits you.
You are splashed with acid!
* * * LOW HITPOINT WARNING * * *
😨 HP[-13]
You take 13 damage, and now have 8/28 hp.
MASSIVE DAMAGE!! (PAUSE)
You hit the jelly but do no damage.
Your hands burn!
* * * LOW HITPOINT WARNING * * *
You block the jelly's attack. 😱 HP[-2]
You take 2 damage, and now have 6/28 hp.
You slash the jelly!
Your hands burn!
* * * LOW HITPOINT WARNING * * *
The jelly barely misses you.
You riposte.
You barely miss the jelly. You block the jelly's attack. 😱 HP[-2]
You take 2 damage, and now have 4/28 hp.
You hit the jelly.
Your hands burn!
* * * LOW HITPOINT WARNING * * *
You block the jelly's attack. 😱 HP[-1]
You take 1 damage, and now have 3/28 hp.
You hit the jelly.
Your hands burn!
* * * LOW HITPOINT WARNING * * *
The jelly jiggles.
The jelly hits you but does no damage. The jelly hits you.
You die...

Skill      XL: |  1  2  3 |
---------------+----------+-----
Shields        | 3 |  3.0
Fighting       | 3 |  3.0
Armour         | 3 |  3.0
Long Blades    | 3 |  3.6

Action                   |  1- 3 |  4- 6 || total
-------------------------+-------+-------++-------
Melee: Long sword        |   119 |    46 ||   165
       Bite              |    13 |     4 ||    17
Throw: Javelin           |     4 |       ||     4
 Abil: Exsanguinate      |     1 |       ||     1
       End Transformatio |     3 |       ||     3
       Bat Form          |     3 |       ||     3
  Use: Scroll            |     2 |     1 ||     3
 Stab: Sleeping          |     6 |       ||     6
Armor: Scale mail        |    74 |    15 ||    89
Dodge: Dodged            |    50 |     5 ||    55
Block: Kite shield       |    68 |    14 ||    82
       Rpst.: Long sword |    16 |     3 ||    19

Levels and vault maps discovered:
D:1:      dpeg_arrival_rooms_c, layout_basic
D:2:      layout_rooms
D:3:      cheibrodos_fertilizer, layout_basic,
          hellmonk_ecumenical_altar_dog_temple
D:4:      gammafunk_steamed_eel, layout_basic, chequers_ossuary_entry_cave,
          chequers_serial_rivers_micro_b, kennysheep_donut, grunt_ministairs_14,
          uniq_grinder
D:5:      layout_rooms

Notes
Turn   | Place    | Note
-------+----------+-------------------------------------------
     0 | D:1      | Sobieck the Vampire Fighter began the quest for the Orb.
     0 | D:1      | Reached XP level 1. HP: 17/17 MP: 1/1
     0 | D:1      | magus.rc [v1.9.6]
   130 | D:1      | Reached XP level 2. HP: 15/18 MP: 2/2
   245 | D:3      | Reached skill level 3 in Shields
   337 | D:3      | Reached skill level 3 in Fighting
   358 | D:4      | Found a transporter.
   368 | D:5      | Entered Level 5 of the Dungeon
   380 | D:4      | Noticed an electric eel
   436 | D:2      | Gained mutation: You are afflicted with vampirism and can
                  | become a bat while bloodless. [Vampire growth]
   436 | D:2      | Reached XP level 3. HP: 23/23 MP: 3/3
   440 | D:3      | Found a faded altar of an unknown god.
   444 | D:3      | You pick up a book of Flames and begin reading...
   444 | D:3      | You add the spells Foxfire, Conjure Flame, Inner Flame,
                  | Sticky Flame and Fireball to your library.
   574 | D:3      | Reached skill level 3 in Armour
   848 | D:1      | Reached skill level 3 in Long Blades
  1500 | D:2      | Noticed a black bear
  1853 | D:2      | HP: 4/23 [black bear (2)]
  2813 | D:3      | Reached XP level 4. HP: 24/28 MP: 4/4
  3144 | D:3      | HP: 7/28 [kobold/+0 whip (2)]
  3421 | D:3      | HP: 6/28 [acid (2)]
  3424 | D:3      | HP: 1/28 [acid (2)]
  3424 | D:3      | Slain by a jelly

Vanquished Creatures
  3 adders
  2 worms
  A dart slug (D:1)
  An orc (D:3)
  3 ball pythons
  4 bats
  5 endoplasms
  2 giant cockroaches
  3 hobgoblins
  2 jackals (D:3)
  9 kobolds
  A quokka (D:1)
  A frilled lizard (D:2)
  5 goblins
  5 rats
47 creatures vanquished.

Vanquished Creatures (others)
  3 fungi (D:3)
  9 toadstools (D:3)
12 creatures vanquished.

Grand Total: 59 creatures vanquished

Table legend:
 A = Non-vault XP
 B = Vault XP
 C = Vault XP percentage of total XP
 D = Non-vault monster count
 E = Vault monster count
 F = Vault count percentage of total count
                 A         B        C        D         E       F
            +---------+---------+-------+---------+---------+-------
      Total |     104 |      23 |  18.1 |      34 |      13 |  27.7
            +---------+---------+-------+---------+---------+-------
        D:1 |      39 |       0 |   0.0 |      15 |       0 |   0.0
        D:2 |      13 |       0 |   0.0 |       8 |       0 |   0.0
        D:3 |      45 |      23 |  33.8 |       9 |      13 |  59.1
        D:4 |       2 |       0 |   0.0 |       1 |       0 |   0.0
        D:5 |       5 |       0 |   0.0 |       1 |       0 |   0.0
            +---------+---------+-------+---------+---------+-------

Illustrated notes

Table legend:
 A = Kills in this place as a percentage of kills in entire the game.
 B = Kills by you in this place as a percentage of kills by you in the entire game.
 C = Kills by friends in this place as a percentage of kills by friends in the entire game.
 D = Other kills in this place as a percentage of other kills in the entire game.
 E = Experience gained in this place as a percentage of experience gained in the entire game.
 F = Experience gained in this place divided by the number of levels of this place that you have seen.
                   A       B       C       D       E      F
               +-------+-------+-------+-------+-------+----------------------
         Total | 100.0 | 100.0 |   N/A |   N/A | 100.0 |  25.4
       Dungeon | 100.0 | 100.0 |   N/A |   N/A | 100.0 |  25.4
               +-------+-------+-------+-------+-------+----------------------

Table legend: (Time is in decaauts)
 A = Elapsed time spent in this place.
 B = Non-inter-level travel time spent in this place.
 C = Inter-level travel time spent in this place.
 D = Time resting spent in this place.
 E = Time spent auto-exploring this place.
 F = Levels seen in this place.
 G = Mean time per level.
                   A        B        C        D        E       F      G
               +--------+--------+--------+--------+--------+-----+--------+
         Total |   3480 |   3268 |    212 |   1150 |   1368 |   5 |  696.0 |
       Dungeon |   3480 |   3268 |    212 |   1150 |   1368 |   5 |  696.0 |
               +--------+--------+--------+--------+--------+-----+--------+

Top non-repeatable levels by time:
     D:1: 1408 daAuts
     D:3: 1376 daAuts
     D:2: 625 daAuts
     D:4: 58 daAuts
     D:5: 11 daAuts
